 Dungeon Crawl Stone Soup version 0.31.0-1-g2c135a0 (webtiles) character file.

Game seed: 11761466724930087864

150119 brinewave the Hoplite (level 16, -28/149 HPs)
             Began as a Minotaur Berserker on Jan 22, 2024.
             Was a High Priest of Trog.
             Killed from afar by Aizul (46 damage)
             ... with a bolt of poison
             ... on level 2 of the Snake Pit.
             The game lasted 01:42:27 (24239 turns).

brinewave the Hoplite (Minotaur Berserker)         Turns: 24239, Time: 01:42:29

Health: -28/149    AC: 26    Str: 39    XL:     16   Next: 98%
Magic:  15/15      EV: 12    Int:  4    God:    Trog [*****.]
Gold:   2504       SH: 21    Dex: 11    Spells: 15/15 levels left

rFire   . . .        Q - +5 broad axe (heavy)
rCold   + . .        s - +0 tower shield {rC+}
rNeg    . . .        D - +4 plate armour
rPois   x            (helmet restricted)
rElec   .            v - +1 cloak
rCorr   .            S - +0 pair of gloves
SInv    .            b - +1 pair of boots of Tenacity {Str+4}
Will    +....        w - amulet of regeneration Stlth
                     a - +6 ring of strength
HPRegen 1.24/turn    h - +4 ring of slaying
MPRegen 0.14/turn

%: no passive effects
@: lethally poisoned (-28 -> -124), poison vulnerable
A: horns 2, retaliatory headbutt
a: Renounce Religion, Berserk, Trog's Hand, Brothers in Arms


You were on level 2 of the Snake Pit.
You worshipped Trog.
Trog was extremely pleased with you.
You visited 7 branches of the dungeon, and saw 27 of its levels.
You also visited: Ossuary, Bailey, Gauntlet and Ice Cave.

You collected 2771 gold pieces.
You spent 267 gold pieces at shops.

Inventory:

Hand Weapons
 y - the +5 broad axe of the Gnashing Ravage {flame, rN+ Dex+3 Stlth-}
   (Trog gifted it to you on level 13 of the Dungeon)

   Dex+3:     It affects your dexterity (+3).
   rN+:       It protects you from negative energy.
   Stlth-:    It makes you less stealthy.
 A - a +6 heavy battleaxe
 Q - a +5 heavy broad axe (weapon)
 T - a +6 vampiric spear
 Y - a +6 antimagic broad axe
Missiles
 k - 13 boomerangs (quivered)
 l - 13 javelins
 m - 8 curare-tipped darts
 q - 9 silver javelins
Armour
 b - the +1 pair of boots of Tenacity (worn) {Str+4}
   (You found it on level 7 of the Dungeon)

   Str+4:     It affects your strength (+4).
 g - the +3 pair of seven-league boots {Rampage+∞}
   (You found it on level 3 of the Lair of Beasts)

   Rampage+∞: When moving toward enemies, its wearer moves as far as possible,
   alerting their target en route.
 s - a +0 tower shield of cold resistance (worn)
 v - a +1 cloak (worn)
 z - the -1 pair of gloves of Polish {rPois rN+ Dex+4}
   (You found it in a Gauntlet)

   Dex+4:     It affects your dexterity (+4).
   rPois:     It protects you from poison rN+: It protects you from negative
   energy.
 D - a +4 plate armour (worn)
 S - a +0 pair of gloves (worn)
Jewellery
 a - a +6 ring of strength (left hand)
 h - a +4 ring of slaying (right hand)
 w - an amulet of regeneration (around neck)
 x - a ring of willpower
 E - a +6 ring of strength
 I - a ring of protection from cold
 K - a ring of protection from cold
 R - a ring of ice
 U - a ring of ice
 X - an amulet of reflection
 Z - a ring of protection from fire
Wands
 o - a wand of charming (38)
 t - a wand of roots (25)
 B - a wand of digging (10)
 H - a wand of light (7)
 O - a wand of mindburst (18)
Scrolls
 c - a scroll of fear
 f - 7 scrolls of teleportation
 r - 2 scrolls of fog
 C - 2 scrolls of poison
 F - a scroll of torment {unknown}
 W - a scroll of blinking
Potions
 d - 2 potions of enlightenment
 e - 4 potions of invisibility
 i - 9 potions of heal wounds
 j - 4 potions of cancellation
 n - 3 potions of lignification
 p - 11 potions of curing
 u - 4 potions of ambrosia
 G - 5 potions of resistance
 J - 2 potions of mutation
 L - 2 potions of berserk rage
 M - 3 potions of might
 P - 4 potions of haste
Miscellaneous
 N - a tin of tremorstones (2/2)
 V - a lightning rod (4/4)


   Skills:
 + Level 15.2 Fighting
 + Level 18.5 Axes
 + Level 3.2 Throwing
 + Level 13.2 Armour
 + Level 10.1 Dodging
 + Level 4.1 Stealth
 - Level 22.3 Shields


You had 15 spell levels left.
You didn't know any spells.
Your spell library was empty.

Dungeon Overview and Level Annotations

Branches:
Dungeon (15/15)            Temple (0/1) D:4            Lair (5/5) D:8
 Shoals (1/4) Lair:2        Snake (2/4) Lair:2        Slime (1/5) Lair:4
    Orc (2/2) D:9             Elf (1/3) Orc:2        Vaults (0/5) D:13
 Depths (0/4) D:15        Ossuary (visited)          Bailey (visited)
  IceCv (visited)         Gauntlet (visited)

Altars:
Ashenzari
Cheibriados
Dithmenos
Elyvilon
Fedhas
Gozag
Kikubaaqudgha
Makhleb
Nemelex Xobeh
Qazlal
Ru
Trog
Vehumet
Wu Jian
Xom
Yredelemnul
Jiyva

Shops:
D:1 *   D:2 *   Orc:2 !**(   Snake:1 [*

Annotations:
Snake:2 Aizul


Innate Abilities, Weirdness & Mutations

You have a pair of horns on your head.
You reflexively headbutt those who attack you in melee.


Message History

The black mamba bites you but does no damage.
You feel very sick.
You are more poisoned.
The black mamba bites you but does no damage.
You block the naga ritualist's attack. x2; You block the black mamba's attack.
You chop the naga ritualist into pieces!!!
You headbutt the naga ritualist!
The naga ritualist is almost dead.
You slice the black mamba!!
You feel very sick.
You hear a shout!
You are more poisoned.
The naga ritualist's toxic aura wanes.
You block the black mamba's attack.
The naga ritualist mumbles some strange prayers to its god against you.
You feel yourself grow more vulnerable to poison.
You block the black mamba's attack.
You slice the naga ritualist!!
You kill the naga ritualist!
Trog accepts your kill.
You slash the black mamba!
You kill the black mamba!
Trog accepts your kill.
You feel extremely sick.
Aizul the Neglectful Guardian comes into view.
Aizul coils herself and waves her upper body at you.
You fall asleep.
You feel very sick. x2
A black mamba comes into view.
Aizul casts a spell at you. The bolt of poison hits you!!
You are more poisoned.
You wake up.
* * * LOW HITPOINT WARNING * * *
You feel extremely sick.
Your ogre goes berserk!
* * * LOW HITPOINT WARNING * * *
You feel extremely sick. Aizul casts a spell at you.
The bolt of poison misses your ogre. The bolt of poison hits you!!!
You are more poisoned.
You die...

.# S. ..#### .#
#....#.###
#........ .
....S.. #.. ....
#...##O##
#..).@#######
#.####.#....##
#.##..........#
.#...........##
...............#
>..............#
..≈≈≈
..............##
..≈≈≈
#.............##
...≈≈.
##.............##
...≈≈N


You could see Aizul (ally target) and a friendly ogre (summoned, berserk).

Vanquished Creatures
  Rupert (D:14)
  The ghost of Kave the Metamorph, an adept TrSh of Sif Muna (Snake:1)
  Frances (Snake:1)
  Kirke (D:14)
  The ghost of littlecub the Fighter, a journeyman DsGl of Hepliaklqana (Snake:1)
  3 reapers (IceCv)
  A minotaur (Gauntlet)
  3 dire elephants (Lair:5)
  Josephine (D:15)
  4 vault guards (D:13)
  3 hydras (Lair:3)
  The ghost of Yklotitu the Markscentaur, a journeyman CeHu of Okawaru (D:12)
  A catoblepas (Gauntlet)
  5 centaur warriors
  An ogre mage (D:15)
  A salamander tyrant (Snake:2)
  7 boulder beetles
  7 anacondas
  7 two-headed ogres
  5 naga warriors
  A tengu warrior (D:13)
  A vampire mage (D:15)
  2 sphinx skeletons (D:15)
  4 death yaks
  3 shock serpents
  A naga sharpshooter (Snake:1)
  An occultist (D:15)
  An orc high priest (Orc:2)
  A storm dragon zombie (D:15)
  9 skeletal warriors
  A skyshark (Lair:2)
  A sea snake (Snake:2)
  A spectral anaconda (Lair:5)
  2 obsidian statues
  A bog body (IceCv)
  5 mana vipers
  2 naga ritualists (Snake:2)
  A deep elf archer (D:12)
  10 orc knights
  3 deep elf zephyrmancers (D:15)
  4 necromancers
  3 deep elf pyromancers (D:15)
  An oklob plant (Lair:4)
  2 orc sorcerers (Orc:2)
  3 manticores (D:13)
  8 cyclopes
  An ugly thing (D:13)
  3 meliai (D:13)
  3 salamanders
  Joseph (D:8)
  2 guardian serpents
  A black mamba (shapeshifter) (D:13)
  16 elephants
  16 black mambas
  2 naga magi (Snake:1)
  13 cane toads
  A torpor snail (Lair:4)
  9 komodo dragons
  2 gargoyles
  4 kobold blastminers
  An unseen horror (shapeshifter) (D:15)
  2 dire elephant skeletons (Lair:5)
  2 unseen horrors
  Maggie (D:7)
  A kobold demonologist (D:13)
  10 freezing wraiths
  3 rime drakes
  5 yaktaurs (D:13)
  5 ice devils
  An efreet (D:14)
  A golden dragon simulacrum (IceCv)
  An anaconda simulacrum (IceCv)
  3 polar bears
  6 trolls
  A hornet (D:15)
  A raiju (shapeshifter) (D:13)
  6 saltlings (Orc:2)
  Prince Ribbit (D:5)
  A snapping turtle (Lair:2)
  An alligator simulacrum (IceCv)
  20 blink frogs
  A centaur simulacrum (Gauntlet)
  12 slime creatures
  A shadow (D:10)
  3 spriggans (Bailey)
  4 wyverns
  53 yaks
  6 wraiths
  5 hogs
  A water elemental (Lair:2)
  4 basilisks
  A dire elephant simulacrum (IceCv)
  2 steam dragons
  14 vampire mosquitoes
  A warg (Orc:2)
  6 minotaur simulacra (IceCv)
  A death yak simulacrum (Lair:5)
  2 harpy simulacra
  2 spectral cane toads (Lair:5)
  Menkaure (Ossuary)
  22 nagas
  3 swamp worms (Gauntlet)
  5 acid dragons
  A hydra simulacrum (IceCv)
  18 water moccasins
  A hell hound (D:12)
  21 orc warriors
  A sky beast (D:8)
  A black bear (shapeshifter) (D:15)
  A black bear (D:6)
  12 wolves
  5 ogres
  8 centaurs
  A wolf (shapeshifter) (D:14)
  2 elephant zombies (Lair:5)
  An elephant skeleton (Lair:5)
  7 kobold brigands
  A phantom (D:4)
  16 bullfrogs
  2 deep troll simulacra (IceCv)
  A cane toad simulacrum (Lair:5)
  3 scorpions (D:6)
  A two-headed ogre simulacrum (Lair:4)
  A gnoll sergeant (D:9)
  3 wights (D:8)
  An elephant simulacrum (Lair:5)
  A vampire bat (D:6)
  9 killer bees
  5 howler monkeys
  2 electric eels
  2 jellies (D:6)
  2 bombardier beetles
  18 orc priests
  4 hounds
  4 gnoll boudas
  A sleepcap (D:6)
  4 iguanas
  21 orc wizards
  3 spriggan simulacra
  2 boggart simulacra (Gauntlet)
  3 mummies (Ossuary)
  33 gnolls
  3 adders
  A naga simulacrum (Lair:4)
  2 shadow imps (D:8)
  2 white imps (D:6)
  A ribbon worm (D:2)
  3 dart slugs
  78 orcs
  3 bat skeletons (D:6)
  4 bat zombies (D:6)
  6 endoplasms
  3 giant cockroaches
  6 gnoll zombies (Ossuary)
  9 goblins
  9 hobgoblins
  8 quokkas
  7 ball pythons
  5 bats
  4 frilled lizards
  2 gnoll skeletons (Ossuary)
  6 goblin skeletons (Ossuary)
  2 goblin zombies (Ossuary)
  5 hobgoblin skeletons (Ossuary)
  3 hobgoblin zombies (Ossuary)
  19 kobolds
  4 kobold skeletons (Ossuary)
  8 kobold zombies (Ossuary)
  6 orc skeletons (Ossuary)
  3 orc zombies (Ossuary)
  6 rats
  2 rat skeletons (Ossuary)
  3 rat zombies (Ossuary)
870 creatures vanquished.

Vanquished Creatures (collateral kills)
  A boulder beetle (D:12)
  A naga warrior (Snake:1)
  A death yak (Lair:4)
  A salamander mystic (Snake:2)
  A bog body (Lair:4)
  A deep elf pyromancer (D:15)
  3 deep elf zephyrmancers (D:15)
  2 salamanders
  A black mamba (Snake:1)
  2 naga magi (Snake:1)
  A rime drake (Lair:4)
  Psyche (D:8)
  5 yaks (Lair:4)
  A basilisk (Lair:4)
  5 nagas (Snake:1)
  4 ogres (Bailey)
  A gnoll sergeant (D:7)
  An elephant simulacrum (Lair:4)
  An orc wizard (D:8)
  A wolf simulacrum (Lair:4)
  3 gnolls (D:7)
38 creatures vanquished.

Vanquished Creatures (others)
  A deep elf knight (D:12)
  A butterfly (D:15)
2 creatures vanquished.

Grand Total: 910 creatures vanquished

Notes
Turn   | Place    | Note
-------+----------+-------------------------------------------
     0 | D:1      | brinewave the Minotaur Berserker began the quest for the
                  | Orb.
     0 | D:1      | Reached XP level 1. HP: 19/19 MP: 0/0
   100 | D:1      | Found Nureasel's General Store.
   125 | D:1      | Reached XP level 2. HP: 27/27 MP: 1/1
   458 | D:1      | Bought a scroll of identify for 20 gold pieces
   930 | D:2      | Found Osawnif's General Store.
   991 | D:2      | Reached XP level 3. HP: 33/33 MP: 2/2
  1171 | D:2      | Reached ** piety under Trog
  1345 | D:1      | Bought a potion of curing for 30 gold pieces
  1386 | D:2      | Found a radiant altar of Vehumet.
  1912 | D:3      | Found a sacrificial altar of Ru.
  1956 | D:3      | Found an opulent altar of Gozag.
  1960 | D:3      | Reached XP level 4. HP: 41/41 MP: 3/3
  2071 | D:3      | Reached skill level 5 in Axes
  2082 | D:3      | Found a bloodstained altar of Trog.
  2674 | D:3      | Found a white marble altar of Elyvilon.
  2858 | D:4      | Found a stormy altar of Qazlal.
  2871 | D:4      | Noticed a phantom
  2885 | D:4      | Killed a phantom
  2886 | D:4      | Reached skill level 1 in Stealth
  2886 | D:4      | Reached XP level 5. HP: 47/47 MP: 4/4
  2988 | D:4      | Found a blossoming altar of Fedhas.
  3247 | D:4      | Reached skill level 5 in Fighting
  3260 | D:4      | Found a radiant altar of Vehumet.
  3414 | D:4      | Reached XP level 6. HP: 52/56 MP: 5/5
  3481 | D:4      | Found a staircase to the Ecumenical Temple.
  3582 | D:5      | Entered Level 5 of the Dungeon
  3582 | D:5      | Noticed a yak
  3582 | D:5      | Noticed a yak
  3582 | D:5      | Noticed a yak
  3582 | D:5      | Noticed a yak
  3582 | D:5      | Noticed a yak
  3582 | D:5      | Noticed a yak
  3607 | D:5      | Noticed Prince Ribbit
  3616 | D:5      | Killed Prince Ribbit
  3619 | D:5      | Reached *** piety under Trog
  3651 | D:5      | Reached XP level 7. HP: 61/61 MP: 6/6
  3707 | D:5      | Killed a yak
  3708 | D:5      | Reached skill level 1 in Throwing
  3717 | D:5      | Killed a yak
  3730 | D:5      | Killed a yak
  3731 | D:5      | Reached skill level 5 in Dodging
  3735 | D:5      | Killed a yak
  3736 | D:5      | Reached XP level 8. HP: 54/70 MP: 7/7
  4426 | D:1      | Bought a scroll of teleportation for 30 gold pieces
  4426 | D:1      | Bought a scroll of identify for 20 gold pieces
  4560 | D:6      | Found a broken altar of Ashenzari.
  4564 | D:6      | Saw a vision of the Shoals and the Snake Pit.
  4564 | D:6      | Noticed a merfolk
  4564 | D:6      | Noticed a snapping turtle
  4564 | D:6      | Noticed a merfolk siren
  4564 | D:6      | Noticed a manticore
  4564 | D:6      | Noticed a shock serpent
  4564 | D:6      | Noticed a wind drake
  4564 | D:6      | Noticed a merfolk aquamancer
  4564 | D:6      | Noticed a sea snake
  4564 | D:6      | Noticed a naga sharpshooter
  4564 | D:6      | Noticed an anaconda
  4564 | D:6      | Noticed a wind drake
  4564 | D:6      | Noticed a merfolk
  4565 | D:6      | Noticed a naga warrior
  4565 | D:6      | Noticed a manticore
  4566 | D:6      | Noticed a naga ritualist
  4828 | D:6      | Found a sand-covered staircase.
  4843 | Ossuary  | Entered an ossuary
  4875 | Ossuary  | Reached **** piety under Trog
  5154 | Ossuary  | Reached ***** piety under Trog
  5171 | Ossuary  | Noticed Menkaure
  5183 | Ossuary  | Killed Menkaure
  5194 | Ossuary  | Reached XP level 9. HP: 48/78 MP: 8/8
  5203 | Ossuary  | Reached skill level 10 in Axes
  5341 | D:6      | Found an ancient bone altar of Kikubaaqudgha.
  5677 | D:7      | Found a basalt altar of Yredelemnul.
  6150 | D:7      | Found a shadowy altar of Dithmenos.
  6415 | D:7      | Noticed Maggie
  6425 | D:7      | Killed Maggie
  6426 | D:7      | Reached skill level 1 in Shields
  6542 | D:7      | Found a sparkling altar of Nemelex Xobeh.
  6611 | D:7      | Reached skill level 2 in Shields
  6626 | D:7      | Identified the +1 pair of boots of Tenacity {Str+4}
  6913 | D:8      | Found a staircase to the Lair.
  6936 | D:8      | Noticed Psyche
  6952 | D:7      | Reached XP level 10. HP: 57/88 MP: 9/9
  7249 | D:8      | Found an ornate altar of the Wu Jian Council.
  7293 | D:9      | Found a snail-covered altar of Cheibriados.
  7348 | D:9      | Reached skill level 3 in Shields
  7375 | D:9      | Found a burning altar of Makhleb.
  7403 | D:9      | Received a gift from Trog
  7412 | D:9      | Found a flagged portal.
  7423 | Bailey   | Entered a bailey
  7456 | Bailey   | Reached skill level 4 in Shields
  7536 | Bailey   | Noticed a two-headed ogre
  7555 | Bailey   | Killed a two-headed ogre
  7556 | Bailey   | Reached skill level 5 in Shields
  7890 | D:9      | Reached skill level 6 in Shields
  7967 | D:9      | Found a shimmering altar of Xom.
  7975 | D:9      | Reached skill level 7 in Shields
  7989 | D:9      | Reached skill level 5 in Armour
  8267 | D:9      | Found a staircase to the Orcish Mines.
  8437 | D:8      | Noticed Joseph
  8452 | D:8      | Killed Joseph
  8453 | D:8      | Reached XP level 11. HP: 97/97 MP: 10/10
  8745 | D:8      | Killed Psyche
  9178 | D:10     | Entered Level 10 of the Dungeon
  9251 | D:10     | Reached skill level 8 in Shields
  9373 | D:10     | Found a transporter.
  9376 | D:10     | Found a transporter.
  9376 | D:10     | Found a viscous altar of Jiyva.
  9490 | D:10     | Received a gift from Trog
  9504 | D:10     | Reached skill level 9 in Shields
 10009 | D:11     | Reached skill level 10 in Fighting
 10061 | D:11     | Found a gate leading to a gauntlet.
 10074 | Gauntlet | Entered a Gauntlet
 10074 | Gauntlet | Found a transporter.
 10074 | Gauntlet | Found a transporter.
 10076 | Gauntlet | Found a transporter.
 10076 | Gauntlet | Found a transporter.
 10080 | Gauntlet | Found a transporter.
 10080 | Gauntlet | Found a transporter.
 10149 | Gauntlet | Noticed a catoblepas
 10165 | Gauntlet | Found a runed translucent door.
 10168 | Gauntlet | Found a runed translucent door.
 10171 | Gauntlet | Found a transporter.
 10183 | Gauntlet | Found a transporter.
 10193 | Gauntlet | Reached skill level 10 in Shields
 10223 | Gauntlet | Killed a catoblepas
 10284 | Gauntlet | Found a transporter.
 10286 | Gauntlet | Identified the -1 pair of gloves of Polish {rPois rN+
                  | Dex+4}
 10293 | Gauntlet | Noticed a sixfirhy
 10294 | Gauntlet | Found a transporter.
 10295 | Gauntlet | Noticed a sixfirhy
 10299 | Gauntlet | Found a transporter.
 10300 | Gauntlet | Found a transporter.
 10383 | Gauntlet | Noticed a minotaur
 10396 | Gauntlet | Killed a minotaur
 10625 | D:11     | Identified the +10 dagger of Matt {freeze, *Rage Fly rCorr
                  | Stlth-}
 10789 | D:11     | Reached skill level 11 in Shields
 10844 | D:12     | Noticed a boulder beetle
 10869 | D:12     | Killed a boulder beetle
 10948 | D:12     | Found a runed translucent gate.
 10948 | D:12     | Found a runed translucent gate.
 10948 | D:12     | Found a runed translucent gate.
 10952 | D:12     | Noticed Yklotitu's ghost (journeyman CeHu)
 11002 | D:12     | Reached XP level 12. HP: 108/108 MP: 11/11
 11564 | D:12     | Reached skill level 12 in Shields
 11995 | Lair:1   | Entered Level 1 of the Lair of Beasts
 12123 | Lair:1   | Noticed a boulder beetle
 12152 | Lair:1   | Killed a boulder beetle
 12550 | Lair:2   | Found a staircase to the Snake Pit.
 12653 | Lair:2   | Reached skill level 13 in Shields
 13221 | Lair:2   | Found a staircase to the Shoals.
 13258 | Shoals:1 | Entered Level 1 of the Shoals
 13310 | Lair:3   | Received a gift from Trog
 13335 | Lair:2   | Reached skill level 14 in Shields
 13515 | Lair:3   | Noticed an eight-headed hydra
 13531 | Lair:3   | Killed an eight-headed hydra
 13591 | Lair:3   | Reached XP level 13. HP: 117/117 MP: 12/12
 13867 | Lair:3   | Reached skill level 15 in Shields
 13967 | Lair:3   | Identified the +3 rapier of Tisunwij {drain, rN+ rCorr
                  | Dex-4}
 14004 | Lair:3   | Reached skill level 10 in Armour
 14382 | Lair:3   | Found the +3 pair of seven-league boots {Rampage+∞}
 14667 | Lair:4   | Reached skill level 16 in Shields
 14955 | Lair:4   | Found a staircase to the Slime Pits.
 14978 | Slime:1  | Entered Level 1 of the Pits of Slime
 15072 | Lair:4   | Identified the +7 whip "Viebbuet" {freeze, rN+ Str+3 Int+2
                  | Dex-3}
 15440 | Lair:5   | Entered Level 5 of the Lair of Beasts
 15508 | Lair:5   | Reached XP level 14. HP: 127/127 MP: 13/13
 15612 | Lair:5   | Received a gift from Trog
 16387 | Lair:5   | Reached skill level 17 in Shields
 16450 | Lair:5   | Reached skill level 10 in Dodging
 16497 | Lair:5   | Reached skill level 15 in Axes
 17030 | Orc:1    | Entered Level 1 of the Orcish Mines
 17187 | Orc:2    | Entered Level 2 of the Orcish Mines
 17493 | Orc:2    | Found a staircase to the Elven Halls.
 17506 | Elf:1    | Entered Level 1 of the Elven Halls
 17583 | Orc:2    | Received a gift from Trog
 17732 | Orc:2    | Found Gom Kiuz's General Store.
 17812 | Orc:2    | Reached skill level 18 in Shields
 17896 | Orc:2    | Paralysed by an orc sorcerer for 2 turns
 17915 | Orc:2    | Found Vubrokip's Distillery.
 17921 | Orc:2    | Bought a potion of curing for 33 gold pieces
 17921 | Orc:2    | Bought a potion of might for 44 gold pieces
 17934 | Orc:2    | Found Otockiser's General Store.
 17936 | Orc:2    | Found Syashra's Antique Weapon Shop.
 17945 | Orc:2    | Bought a scroll of enchant armour for 90 gold pieces
 18176 | Orc:1    | Reached ****** piety under Trog
 18543 | D:12     | Killed Yklotitu's ghost
 19013 | D:13     | Reached XP level 15. HP: 136/136 MP: 14/14
 19067 | D:13     | Found a gate to the Vaults.
 19099 | D:13     | Identified the +5 broad axe of the Gnashing Ravage {flame,
                  | rN+ Dex+3 Stlth-} (Trog gifted it to you on level 13 of the
                  | Dungeon)
 19099 | D:13     | Received a gift from Trog
 19405 | D:13     | Reached skill level 19 in Shields
 19974 | D:14     | Noticed Rupert
 19986 | D:14     | Killed Rupert
 20100 | D:14     | You fall into a shaft and drop 1 floor!
 20100 | D:15     | Entered Level 15 of the Dungeon
 20177 | D:15     | Found a staircase to the Depths.
 20245 | D:15     | Received a gift from Trog
 20393 | D:15     | Found a white marble altar of Elyvilon.
 20476 | D:15     | Noticed Josephine
 20506 | D:15     | Killed Josephine
 20508 | D:15     | Reached skill level 20 in Shields
 21032 | D:14     | Noticed Kirke
 21045 | D:15     | Reached XP level 16. HP: 93/146 MP: 15/15
 21091 | D:14     | Noticed a sphinx
 21092 | D:14     | Killed Kirke
 21282 | D:14     | Received a gift from Trog
 21633 | Snake:1  | Entered Level 1 of the Snake Pit
 21847 | Snake:1  | Noticed Frances
 21851 | Snake:1  | Found Cyockud's Antique Armour Shop.
 21860 | Snake:1  | Killed Frances
 21905 | Snake:1  | Found a runed translucent gate.
 21905 | Snake:1  | Found a runed translucent gate.
 21907 | Snake:1  | Found a runed translucent gate.
 21909 | Snake:1  | Noticed Kave's ghost (adept TrSh)
 21909 | Snake:1  | Noticed littlecub's ghost (journeyman DsGl)
 21947 | Snake:1  | Found a glacial archway.
 21957 | IceCv    | Entered an ice cave
 22232 | IceCv    | Reached skill level 21 in Shields
 22478 | IceCv    | Received a gift from Trog
 22811 | Snake:1  | Found Soattex Tibb's General Store.
 23289 | Snake:1  | Killed Kave's ghost
 23293 | Snake:1  | Killed littlecub's ghost
 23294 | Snake:1  | Reached skill level 15 in Fighting
 23568 | Snake:2  | Reached skill level 22 in Shields
 24235 | Snake:2  | Identified the serpent talisman "Araaj" {*Corrode Int+4}
 24235 | Snake:2  | Noticed Aizul
 24239 | Snake:2  | Killed from afar by Aizul

Illustrated notes

Levels and vault maps discovered:
D:1:      dpeg_arrival_court, layout_basic, serial_shops,
          nicolae_shop_hallway_plus
D:2:      layout_loops_ring, serial_shops, nicolae_shop_advertising_works
          [nicolae_subvault_shop_adworks], basic_altar, minmay_tetromino_o4
D:3:      layout_basic, trog_butcher_becter, grunt_gozag_statues,
          mainiacjoe_overflow_24_doors, mainiacjoe_overflow_small_starburst,
          hangedman_decor_clover_reticule
D:4:      layout_basic, old_standard_altar, nicolae_qazlal_general_emergency,
          nicolae_vehumet_radiance, temple_hall
D:5:      layout_loops_ring, glass_columns_a, uniq_prince_ribbit1
D:6:      layout_basic, kennysheep_vampire_church, grunt_ashenzari_visionary
          [grunt_ashenzari_visionary_shoals, grunt_ashenzari_visionary_snake],
          lightli_ossuary_entry_decrepit_ruins, serial_glass, glass_columns_c,
          glass_columns_b, corexii_checkpoint, grunt_decor_clamped
D:7:      nicolae_cairo_tiling, layout_basic, yredelemnul_altar_generic,
          nemelex_xobeh_ov_fountains_minmay, mainiacjoe_overflow_alcove_1,
          uniq_maggie, uniq_crazy_yiuf_cottage
D:8:      statuecave_lemuel, layout_gridville, lemuel_tele_altar,
          erik_lair_orcish_takeover, uniq_joseph, uniq_psyche
D:9:      layout_rooms, old_standard_altar, mainiacjoe_overflow_catwalk,
          cheibriados_altar_1, hiddenorc1_lemuel, enter_bailey_4
D:10:     gammafunk_jiyva_shrine, layout_stronghold,
          minmay_misc_feat_more_columns, roderic_roman_lattice
D:11:     layout_rooms, gauntlet_entry_generic
D:12:     layout_loops_ring, ebering_ghost_rock_garden, beargit_elvish_explorers
D:13:     layout_roguey, lightli_vaults_fourway_checkpoint, grunt_potential
D:14:     layout_rooms, infiniplex_staircase_pillars_1, grunt_decor_arrowhead,
          uniq_rupert, uniq_kirke
D:15:     gammafunk_depths_entry_grave, layout_basic,
          nicolae_elyvilon_peaceful_grove, elves_outpost_lemuel, uniq_josephine
Lair:1:   layout_cave_shapes
Lair:2:   layout_chaotic_city, minmay_shoals_entry_hut, dummy_snake_entry,
          grunt_megastairs_1, infiniplex_staircase_pool_2, lemuel_fruit_tree,
          serial_bayou_shore_b
Lair:3:   layout_gridlike, hellmonk_guarded_unrand_seven_league_boots,
          lemuel_fruit_fields, grunt_megastairs_3
Lair:4:   dreamdust_isle_of_ice, layout_long_grid, dpeg_slime_entry_enclosed,
          minmay_lair_oklob_items, dreamdust_mushroom_princess,
          nicolae_quartered_pool_medium, st_stairs_10, grunt_megastairs_5,
          serial_bayou_shore_b
Lair:5:   due_jungle_book, layout_small_grid
Shoals:1: layout_shoals, lemuel_altar_in_water2, nicolae_shop_vocational,
          uniq_louise, uniq_mlioglotl
Snake:1:  layout_honeycomb, portal_ice_cave_entry_pillars_four,
          gammafunk_ghost_cemetery, minmay_shop_star, uniq_frances
Snake:2:  nicolae_snake_shooting_gallery, layout_chambers, grunt_megastairs_4,
          uniq_aizul
Slime:1:  layout_caves
Orc:1:    layout_diamond_mine
Orc:2:    hellmonk_orc_salted, layout_diamond_mine, basic_altar, mines1_david
Elf:1:    nicolae_elf_arrival_no_cutting_in_line, layout_rooms,
          gammafunk_ghost_tricky_traps, hangedman_elf_disciples, uniq_norris

Skill      XL: |  1  2  3  4  5  6  7  8  9 10 11 12 13 14 15 16 |
---------------+-------------------------------------------------+-----
Axes           | 4 5 6 8 9 12 14 16 17 18 | 18.5
Fighting       | 4 5 6 8 9 10 11 12 13 14 15 | 15.2
Dodging        | 3 4 5 6 7 8 9 10 | 10.1
Stealth        | 1 2 3 4 |  4.1
Throwing       | 2 3 |  3.2
Shields        | 2 7 11 14 16 18 20 22 | 22.3
Armour         | 5 7 9 10 11 12 13 | 13.2

Action                     |  1- 3 |  4- 6 |  7- 9 | 10-12 | 13-15 | 16-18 || total
---------------------------+-------+-------+-------+-------+-------+-------++-------
  Melee: Hand axe          |    91 |   121 |   275 |       |       |       ||   487
         Headbutt          |     9 |    18 |    71 |   158 |   128 |    56 ||   440
         Punch             |     1 |     2 |     7 |       |       |       ||    10
         Trident           |       |       |    59 |   148 |       |       ||   207
         Spear             |       |       |       |   608 |    13 |       ||   621
         Broad axe         |       |       |       |    16 |   718 |   298 ||  1032
  Throw: Dart              |       |     7 |       |       |       |       ||     7
         Boomerang         |       |     1 |     7 |     1 |       |     2 ||    11
         Javelin           |       |       |       |     2 |       |       ||     2
 Invoke: Trog's Hand       |       |     1 |       |       |     1 |     1 ||     3
         Berserk           |       |       |     1 |     6 |       |     2 ||     9
         Brothers in Arms  |       |       |     1 |     4 |     2 |     4 ||    11
    Use: Scroll            |     5 |     2 |    11 |     4 |     8 |     2 ||    32
         Potion            |       |       |     2 |     5 |       |     1 ||     8
   Stab: Sleeping          |     1 |       |     3 |       |       |       ||     4
         Distracted        |       |       |       |       |     1 |     1 ||     2
 Armour: Animal skin       |    66 |    46 |    99 |       |       |       ||   211
         Steam dragon scal |       |       |    15 |       |       |       ||    15
         Chain mail        |       |       |       |   545 |   198 |       ||   743
         Plate armour      |       |       |       |       |   242 |   172 ||   414
  Dodge: Dodged            |    50 |    82 |   212 |   341 |   230 |    70 ||   985
  Block: Kite shield       |       |       |    12 |   429 |   113 |       ||   554
         Tower shield      |       |       |       |       |   637 |   362 ||   999
